 Dungeon Crawl Stone Soup version 0.27-a0-1090-gb115f176c6 (webtiles) character file.

Game seed: 14866319761929848749

57 Azzok the Skirmisher (level 4, -1/38 HPs)
             Began as a Ghoul Fighter on Apr 28, 2021.
             Slain by Terence
             ... wielding a +0 flail
              (4 damage)
             ... on level 1 of the Dungeon.
             The game lasted 00:01:29 (1461 turns).

Azzok the Skirmisher (Ghoul Fighter)                Turns: 1461, Time: 00:01:29

Health: -1/38      AC:  6    Str: 20    XL:     4   Next: 0%
Magic:  3/3        EV:  7    Int:  3    God:
Gold:   88         SH:  8    Dex:  8    Spells: 3/3 levels left

rFire    . . .     SeeInvis .   a - +0 war axe
rCold    + . .     Faith    .   c - +0 kite shield
rNeg     + + +     Spirit   .   b - +0 scale mail
rPois    ∞         Reflect  .   (no helmet)
rElec    .         Harm     .   (no cloak)
rCorr    .         Rampage  .   (no gloves)
Will     .....                  (no boots)
Stlth    ..........             (no amulet)
HPRegen  0.00/turn              (no ring)
MPRegen  0.08/turn              (no ring)

@: mighty
A: claws 1, cold resistance 1, negative energy resistance 3, inhibited
regeneration, torment resistance 2, unbreathing 1
a: no special abilities


You were on level 1 of the Dungeon.
You visited 1 branch of the dungeon, and saw 2 of its levels.

You collected 88 gold pieces.

Inventory:

Hand Weapons
 a - a +0 war axe (weapon)
Armour
 b - a +0 scale mail (worn)
 c - a +0 kite shield (worn)
Jewellery
 j - a ring of fire
Scrolls
 e - 2 scrolls of identify {unknown}
 f - a scroll of teleportation {unknown}
 g - a scroll of amnesia {unknown}
 k - a scroll of vulnerability {unknown}
 o - a scroll of enchant armour {unknown}
Potions
 h - a potion of berserk rage {unknown}
 i - a potion of curing {unknown}
 l - a potion of mutation {unknown}
 m - a potion of flight {unknown}
 n - a potion of degeneration {unknown}


   Skills:
 - Level 3.2 Fighting
 + Level 3.1 Axes
 + Level 3.0 Armour
 + Level 3.0 Shields


You had 3 spell levels left.
You didn't know any spells.
Your spell library contained the following spells:

 Spells                   Type           Power      Damage    Failure   Level
 Summon Small Mammal      Summ           0%         N/A       100%        1
 Call Imp                 Summ           0%         N/A       100%        2
 Call Canine Familiar     Summ           0%         N/A       100%        3
 Summon Guardian Golem    Hex/Summ       0%         N/A       100%        3
 Summon Ice Beast         Ice/Summ       0%         N/A       100%        4
 Summon Lightning Spire   Summ/Air       0%         N/A       100%        4


Dungeon Overview and Level Annotations

Branches:
Dungeon (2/15)

Altars:

Annotations:
D:1 Terence


Innate Abilities, Weirdness & Mutations

You thrive by killing the living.
You are immune to poison.
You have sharp fingernails.
Your flesh is cold resistant. (rC+)
You are immune to negative energy. (rN+++)
You do not regenerate when monsters are visible.
You are immune to unholy pain and torment.
You can survive without breathing.


Message History

The giant cockroach is severely wounded.
The giant cockroach bites you but does no damage. x2
You slash the giant cockroach!
You kill the giant cockroach!
You have reached level 4!
o - a scroll labelled UDYUGI DAIPHE You now have 88 gold pieces (gained 11).
Found a stone staircase leading down.
Found a stone staircase leading down.
Terence the Incautious comes into view.
He is wielding a +0 flail.
Terence shouts!
Terence is nearby!
You block Terence's attack.
You barely miss Terence. You block Terence's attack.
Terence hits you with a +0 flail!
You hit Terence.
Terence is lightly wounded.
Terence hits you with a +0 flail. You block Terence's attack.
You slash Terence!
Terence is heavily wounded.
An endoplasm comes into view.
You block Terence's attack.
The endoplasm quivers.
You hit Terence.
Terence is severely wounded.
You block Terence's attack. Terence hits you with a +0 flail!
You hit Terence.
Terence is severely wounded.
Terence drinks a potion.
Terence is healed!
You hit Terence but do no damage. Terence hits you with a +0 flail. x2
* * * LOW HITPOINT WARNING * * *
A worm comes into view.
Found a puce potion.
There is an escape hatch in the ceiling here.
Terence hits you with a +0 flail.
* * * LOW HITPOINT WARNING * * *
A mysterious force pulls you upwards. The hatch slams shut behind you.
You feel very mighty all of a sudden. Terence hits you with a +0 flail.
You die...

▒·▒ ▒·▒▒·▒▒·(▒▒·▒▒▒·▒ ▒·▒
▒·▒▒·········▒·▒▒ ▒·▒
▒·········▒·▒··▒ ▒·▒
▒·▒············▒ ▒▒▒▒
▒·▒▒▒·············▒▒ ···▒
▒···▒·▒········▒··▒▒▒▒ ···▒
▒▒▒·▒·▒············)·· ▒▒·▒▒▒▒
▒··@·▒·······▒▒▒·▒▒▒▒ ▒▒·▒▒·▒▒
▒·▒·@····(···▒ ▒·▒ ·····▒·▒
▒···▒▒▒·▒·▒▒▒▒ ▒·▒ ▒▒·▒▒·▒▒▒▒
▒▒▒▒▒▒···▒▒ ▒·▒ ·········▒▒▒▒▒▒
▒···▒ ▒·▒▒▒▒ ·>·▒··▒·······▒
▒···▒ ▒····· ▒▒·▒··▒··▒▒▒▒·▒
▒·÷·▒▒▒▒▒▒▒▒▒▒·▒ ▒▒·········▒▒·▒
▒···▒▒·······▒·▒
···▒····)▒·▒▒·▒▒▒▒···▒▒·▒▒▒▒▒·▒·▒
·········▒·▒···············▒▒·▒·▒


You could see Terence.

Vanquished Creatures
  An adder (D:2)
  3 dart slugs (D:1)
  5 ball pythons
  5 bats
  5 endoplasms
  A giant cockroach (D:2)
  A goblin (D:1)
  3 hobgoblins
  5 jackals (D:2)
  3 kobolds (D:1)
  2 quokkas
  A frilled lizard (D:1)
35 creatures vanquished.

Notes
Turn   | Place    | Note
-------+----------+-------------------------------------------
     0 | D:1      | Azzok the Ghoul Fighter began the quest for the Orb.
     0 | D:1      | Reached XP level 1. HP: 19/19 MP: 0/0
   116 | D:1      | Reached XP level 2. HP: 17/26 MP: 1/1
   584 | D:1      | Reached XP level 3. HP: 31/31 MP: 2/2
   601 | D:1      | Found a faded altar of an unknown god.
  1365 | D:2      | Reached XP level 4. HP: 38/38 MP: 3/3
  1423 | D:2      | Noticed Terence
  1461 | D:1      | Slain by Terence

Illustrated notes

Levels and vault maps discovered:
D:1:      lightli_arrival_statue_moat, layout_loops_cross,
          hellmonk_ecumenical_altar_inner_sanctum
D:2:      layout_rooms, uniq_terence

Skill      XL: |  1  2  3 |
---------------+----------+-----
Axes           | 2 3 |  3.1
Armour         | 3 |  3.0
Shields        | 3 |  3.0
Fighting       | |  3.2

Action                   |  1- 3 |  4- 6 || total
-------------------------+-------+-------++-------
Melee: War axe           |   108 |     6 ||   114
  Use: Potion            |       |     1 ||     1
Armor: Scale mail        |    66 |       ||    66
Dodge: Dodged            |    44 |       ||    44
Block: Kite shield       |    59 |     5 ||    64

Table legend: (Time is in decaauts)
 A = Elapsed time spent in this place.
 B = Non-inter-level travel time spent in this place.
 C = Inter-level travel time spent in this place.
 D = Time resting spent in this place.
 E = Time spent auto-exploring this place.
 F = Levels seen in this place.
 G = Mean time per level.
                   A        B        C        D        E       F      G
               +--------+--------+--------+--------+--------+-----+--------+
         Total |   1530 |   1504 |     26 |      0 |   1190 |   2 |  765.0 |
       Dungeon |   1530 |   1504 |     26 |      0 |   1190 |   2 |  765.0 |
               +--------+--------+--------+--------+--------+-----+--------+

Top non-repeatable levels by time:
     D:1: 1110 daAuts
     D:2: 420 daAuts
